 Dungeon Crawl Stone Soup version 0.29-a0-80-g3050e97935 (webtiles) character file.

Game seed: 10543341271923791849

35591 Stryldir the Unseen (level 13, -4/67 HPs)
             Began as a Spriggan Enchanter on Feb 4, 2022.
             Was an Elder of Dithmenos.
             Killed from afar by a rime drake (24 damage)
             ... with a flash freeze
             ... in an ice cave.
             The game lasted 00:41:05 (20506 turns).

Stryldir the Unseen (Spriggan Enchanter)           Turns: 20506, Time: 00:41:05

Health: -4/67      AC: 10    Str:  8    XL:     13   Next: 48%
Magic:  31/31      EV: 23    Int: 18    God:    Dithmenos [****..]
Gold:   1486       SH:  0    Dex: 15    Spells: 23/38 levels left

rFire   + . .      SeeInvis +   r - +3 dagger (drain)
rCold   . . .      Faith    .   K - orb {mayhem}
rNeg    + . .      Spirit   .   s - +2 robe of Dim Light {rPois Slay+2}
rPois   +          Reflect  .   (helmet restricted)
rElec   .          Harm     .   H - +1 cloak
rCorr   .          Rampage  .   (gloves unavailable)
Will    +++++      Clarity  +   (boots unavailable)
Stlth   ++++++++++              i - amulet of the Four Winds {rN+ Will+++ Clar}
HPRegen 0.21/turn               x - +4 ring of slaying
MPRegen 0.22/turn               E - +4 ring of protection

@: wreathed by umbra, very quick
A: very small, no large weapons, unfitting armour, see invisible, speed 3, horns
1, fire resistance 1, sense surroundings 1
a: Renounce Religion, Shadow Step


You were in an ice cave.
You worshipped Dithmenos.
Dithmenos was greatly pleased with you.
You visited 3 branches of the dungeon, and saw 17 of its levels.
You also visited: Bailey and Ice Cave.

You collected 1898 gold pieces.
You spent 412 gold pieces at shops.

Inventory:

Hand Weapons
 a - a +2 dagger
 d - a +0 dagger of venom
 r - a +3 dagger of draining (weapon)
 I - a +3 dagger of freezing
Missiles
 h - 28 poisoned darts (quivered)
 t - a curare-tipped dart
Armour
 s - the +2 robe of Dim Light (worn) {rPois Slay+2}
   (You found it on level 5 of the Dungeon)

   Slay:      It affects your accuracy & damage with ranged weapons and melee
   (+2).
   rPois:     It protects you from poison.
 B - +3 steam dragon scales
 H - a +1 cloak (worn)
 K - an orb of mayhem (worn)
Jewellery
 f - a ring of protection from fire
 g - a ring of fire
 i - the amulet of the Four Winds (around neck) {rN+ Will+++ Clar}
   (You found it on level 4 of the Dungeon)

   [amulet of nothing]

   rN:        It protects you from negative energy.
   Clar:      It protects you against confusion.
   Will:      It greatly increases your willpower.
 u - a +4 ring of protection
 x - a +4 ring of slaying (left hand)
 E - a +4 ring of protection (right hand)
 L - a ring of ice
Wands
 l - a wand of digging (6)
 n - a wand of polymorph (7)
 p - a wand of iceblast (24)
 q - a wand of paralysis (7)
 y - a wand of charming (19)
 G - a wand of flame (12)
Scrolls
 j - 9 scrolls of teleportation
 w - 6 scrolls of blinking
 z - a scroll of enchant weapon
 D - a scroll of fear
 J - 4 scrolls of identify
Potions
 c - 4 potions of curing
 e - 3 potions of cancellation
 o - 6 potions of attraction
 v - 5 potions of brilliance
 C - 2 potions of lignification
 M - 2 potions of flight
 N - a potion of magic
Miscellaneous
 m - a phantom mirror
 F - a condenser vane (inert)
 O - a phial of floods (inert)


   Skills:
 + Level 7.0 Fighting
 + Level 9.3 Short Blades
 + Level 11.3 Dodging
 + Level 16.3 Stealth
 + Level 13.3 Spellcasting
 + Level 13.4 Hexes


You had 23 spell levels left.
You knew the following spells:

 Your Spells              Type           Power      Damage    Failure   Level
a - Ensorcelled Hibernat  Hex/Ice        72%        N/A       1%          2
b - Tukima's Dance        Hex            57%        N/A       1%          3
c - Dazzling Flash        Conj/Hex       72%        N/A       1%          3
d - Confusing Touch       Hex            57%        N/A       1%          3
e - Cause Fear            Hex            28%        N/A       1%          4

Your spell library contained the following spells:

 Spells                   Type           Power      Damage    Failure   Level
 Portal Projectile        Hex/Tloc       72%        N/A       1%          3
 Leda's Liquefaction      Hex/Erth       18%        N/A       3%          4
 Sandblast                Erth           24%        2d8       5%          1
 Passwall                 Tmut/Erth      10%        N/A       9%          2
 Static Discharge         Conj/Air       12%        N/A       9%          2
 Sublimation of Blood     Necr           12%        N/A       9%          2
 Wereblood                Tmut           12%        N/A       9%          2
 Silence                  Hex/Air        18%        N/A       10%         5
 Call Canine Familiar     Summ           12%        N/A       17%         3
 Gell's Gravitas          Tloc           12%        N/A       17%         3
 Lesser Beckoning         Tloc           12%        N/A       17%         3
 Stone Arrow              Conj/Erth      24%        3d8       17%         3
 Teleport Other           Tloc           12%        N/A       17%         3
 Dispel Undead            Necr           12%        3d9       50%         4
 Sticky Flame             Conj/Fire      12%        2d4       50%         4
 Agony                    Necr           12%        N/A       83%         5
 Alistair's Intoxication  Tmut/Pois      8%         N/A       83%         5
 Borgnjor's Vile Clutch   Necr/Erth      6%         N/A       83%         5
 Excruciating Wounds      Necr           6%         N/A       83%         5
 Fireball                 Conj/Fire      6%         3d5       83%         5
 Iskenderun's Battlesphe  Conj           12%        2d7       83%         5
 Summon Forest            Summ/Tloc      6%         N/A       83%         5
 Conjure Ball Lightning   Conj/Air       6%         3x3d6     100%        6
 Dispersal                Tloc           6%         N/A       100%        6
 Eringya's Noxious Bog    Tmut/Pois      6%         N/A       100%        6
 Dragon Form              Tmut           6%         N/A       100%        7
 Orb of Destruction       Conj           6%         9d6       100%        7
 Summon Hydra             Summ           6%         N/A       100%        7
 Infestation              Necr           6%         N/A       100%        8
 Dragon's Call            Summ           6%         N/A       100%        9


Dungeon Overview and Level Annotations

Branches:
Dungeon (15/15)            Temple (1/1) D:4            Lair (1/6) D:11
    Orc (0/2) D:9          Vaults (0/5) D:14         Bailey (visited)
  IceCv (1/1)
 Depths: D:15

Altars:
Cheibriados
Dithmenos
Fedhas
Sif Muna
Trog
Uskayaw
Wu Jian
Yredelemnul
The Shining One
Beogh

Shops:
D:4 !   D:10 ?

Annotations:
D:15 exclusion: obsidian statue


Innate Abilities, Weirdness & Mutations

You are very small and have problems with some larger weapons.
You are too small for most types of armour.
You have supernaturally acute eyesight. (SInv)
You cover ground extremely quickly. (Speed+++)
You have a pair of small horns on your head.
Your flesh is heat resistant. (rF+)
You passively map a small area around you.


Message History

You hit the acid dragon simulacrum but do no damage.
The acid dragon simulacrum appears confused.
You catch the helpless acid dragon simulacrum completely off-guard!
You stick the acid dragon simulacrum like a pincushion!!!
The acid dragon simulacrum vaporises!
Dithmenos accepts your kill.
No target in view!
No target in view!
No target in view!
You start resting.
Magic restored.
A white draconian, a lindwurm simulacrum, a rime drake and an acid dragon simulacrum come into view.
Okay, then.
Unknown command.
A rime drake comes into view.
Found an opal ring.
An acid dragon simulacrum comes into view.
Found an encrusted marble ring and 89 gold pieces.
Found four items.
Really read the scroll of immolation?
As you read the scroll of immolation, it crumbles to dust.
The creatures around you are filled with an inner flame!
The lindwurm simulacrum bites you. The lindwurm simulacrum freezes you!!
The lindwurm simulacrum closely misses you.
The lindwurm simulacrum claws you. The lindwurm simulacrum freezes you!!
* * * LOW HITPOINT WARNING * * *
Unknown command.
Unknown command.
Aim the phial where?
Press: ? - help, Shift-Dir - straight line, f - acid dragon simulacrum
Aim: an acid dragon simulacrum (inner flame, umbra)
The torrent of water hits the acid dragon simulacrum!
Flame seeps out of the acid dragon simulacrum.
The acid dragon simulacrum is severely damaged.
The wave splashes down.
The rime drake hisses angrily.
The white draconian roars!
The rime drake hisses angrily.
The rime drake breathes ice at you. The flash freeze hits you!!
You die...

##....## ≈
####..## ###
##### ≈
##..###.##**,
$[$$### ##.#....#
, $$$.=$$ *
#...##.#*
,$Z...=" ,
#####..###
..kd..=
#...##.###≈.k...#
##......#≈Z...#
####...@≈Z####
########


You could see a white draconian (inner flame), 2 rime drakes, a lindwurm
simulacrum (inner flame) and 2 acid dragon simulacra.

Vanquished Creatures
  A storm dragon (D:12)
  A frost giant (D:12)
  4 hydras
  Fannar (D:11)
  A boulder beetle (D:13)
  A catoblepas (D:14)
  3 centaur warriors
  5 two-headed ogres
  A tengu warrior (D:14)
  A wizard (D:14)
  2 orc knights
  3 deep elf pyromancers
  2 ugly things (D:12)
  3 cyclopes
  Joseph (D:8)
  Maurice (D:9)
  2 ice statues (IceCv)
  A black mamba (Lair:1)
  2 gargoyles
  2 komodo dragons
  An unseen horror (D:13)
  A kobold demonologist (D:10)
  A troll (D:12)
  2 hornets
  9 slime creatures
  A shadow (D:9)
  A wyvern (D:9)
  A centaur simulacrum (D:12)
  A vampire (D:12)
  A water elemental (D:14)
  4 wraiths
  3 yaks
  2 basilisks (D:12)
  The ghost of paps the Ducker, an amateur OpFi (D:3)
  3 vampire mosquitoes (D:12)
  2 acid dragons
  A water moccasin (Lair:1)
  13 orc warriors
  A black bear (D:7)
  5 ice beasts
  3 sky beasts (D:6)
  3 necrophages (D:9)
  3 ogres
  4 centaurs
  2 kobold brigands
  A wyvern zombie (D:8)
  3 bullfrogs
  4 scorpions
  A lindwurm simulacrum (IceCv)
  A water moccasin skeleton (D:6)
  3 killer bees (D:10)
  2 wights
  11 howler monkeys
  2 jellies (D:6)
  A komodo dragon simulacrum (IceCv)
  4 hounds
  2 centaur zombies
  7 orc priests
  A centaur skeleton (D:7)
  2 iguanas
  8 orc wizards
  A killer bee zombie (D:9)
  2 hound skeletons (D:5)
  A mummy (D:9)
  4 acid dragon simulacra (IceCv)
  6 adders
  4 gnolls (D:3)
  A shadow imp (D:5)
  2 white imps
  An ufetubus (D:6)
  5 steam dragon simulacra (IceCv)
  An adder zombie (D:3)
  2 worms
  4 dart slugs
  37 orcs
  5 bats
  4 endoplasms
  3 giant cockroaches
  4 goblins
  3 hobgoblins (D:2)
  2 jackals (D:4)
  3 quokkas
  9 ball pythons
  A ball python zombie (D:3)
  3 frilled lizards
  20 kobolds
  6 rats
294 creatures vanquished.

Vanquished Creatures (collateral kills)
  A death knight (D:14)
  A two-headed ogre (D:14)
  Pikel (D:8)
  A phantasmal warrior (D:14)
  A centaur zombie (D:11)
  A freezing wraith (D:14)
  An efreet (D:13)
  A troll (D:12)
  3 meliai (D:15)
  A raiju (shapeshifter) (D:14)
  2 slime creatures
  Sigmund (D:4)
  A vampire (D:14)
  2 wraiths (D:14)
  3 yaks
  A water moccasin (Lair:1)
  4 orc warriors
  A bullfrog (Lair:1)
  3 wights (D:10)
  A howler monkey (D:11)
  A komodo dragon simulacrum (IceCv)
  An orc priest (D:11)
  4 orcs
37 creatures vanquished.

Vanquished Creatures (others)
  A rime drake (IceCv)
  4 dancing weapons
  A yak (Lair:1)
  A vampire mosquito (D:12)
  A centaur (D:12)
  A howler monkey (D:12)
  A fungus (Lair:1)
  18 plants
28 creatures vanquished.

Grand Total: 359 creatures vanquished

Notes
Turn   | Place    | Note
-------+----------+-------------------------------------------
     0 | D:1      | Stryldir the Spriggan Enchanter began the quest for the
                  | Orb.
     0 | D:1      | Reached XP level 1. HP: 9/9 MP: 5/5
   309 | D:2      | Identified the +1 leather armour of the Evening {Regen+
                  | Stlth+}
   512 | D:1      | Reached XP level 2. HP: 13/13 MP: 7/7
   515 | D:1      | Learned a level 2 spell: Ensorcelled Hibernation
  1202 | D:2      | Reached XP level 3. HP: 16/16 MP: 9/9
  1210 | D:2      | Learned a level 3 spell: Tukima's Dance
  1214 | D:2      | Learned a level 3 spell: Confusing Touch
  1728 | D:2      | Found a faded altar of an unknown god.
  2384 | D:3      | Reached XP level 4. HP: 21/21 MP: 11/11
  2446 | D:3      | Reached skill level 5 in Hexes
  3040 | D:3      | Found a runed translucent gate.
  3040 | D:3      | Found a runed translucent gate.
  3040 | D:3      | Found a runed translucent gate.
  3040 | D:3      | Noticed paps's ghost (amateur OpFi)
  3042 | D:3      | Found a basalt altar of Yredelemnul.
  3402 | D:3      | Learned a level 3 spell: Dazzling Flash
  3561 | D:3      | Reached XP level 5. HP: 24/24 MP: 13/13
  3744 | D:3      | Reached skill level 5 in Spellcasting
  3960 | D:3      | Killed paps's ghost
  3961 | D:3      | Reached skill level 5 in Stealth
  3961 | D:3      | Reached XP level 6. HP: 9/28 MP: 12/15
  4226 | D:4      | Found the amulet of the Four Winds {rN+ Will+++ Clar}
  4263 | D:4      | Found Xemidu's Distillery.
  4280 | D:4      | Bought a potion of heal wounds for 60 gold pieces
  4473 | D:4      | Noticed Sigmund
  4492 | D:4      | Killed Sigmund
  4493 | D:4      | Reached skill level 6 in Stealth
  4796 | D:4      | Found a staircase to the Ecumenical Temple.
  4806 | Temple   | Entered the Ecumenical Temple
  4820 | Temple   | Became a worshipper of Dithmenos the Shadowed
  4975 | D:4      | Reached XP level 7. HP: 31/32 MP: 12/17
  5053 | D:4      | Reached skill level 7 in Stealth
  5379 | D:5      | Entered Level 5 of the Dungeon
  6020 | D:5      | Identified the +2 robe of Dim Light {rPois Slay+2}
  6066 | D:5      | Reached skill level 8 in Stealth
  6072 | D:5      | Reached * piety under Dithmenos
  6595 | D:6      | Reached XP level 8. HP: 36/36 MP: 13/20
  6735 | D:6      | Reached skill level 9 in Stealth
  7056 | D:6      | Identified a scroll of acquirement
  7056 | D:6      | Acquired 951 gold pieces
  7110 | D:6      | Reached skill level 10 in Stealth
  7849 | D:7      | Identified the +7 long sword of Harmony {spect, *Corrode
                  | rElec rPois rF++}
  7947 | D:7      | Reached XP level 9. HP: 39/39 MP: 22/22
  8632 | D:7      | Reached skill level 1 in Fighting
  8669 | D:7      | Reached ** piety under Dithmenos
  8753 | D:7      | Reached skill level 11 in Stealth
  9490 | D:8      | Noticed Joseph
  9505 | D:8      | Killed Joseph
  9641 | D:8      | Found a flagged portal.
  9653 | Bailey   | Entered a bailey
  9685 | Bailey   | Found a large runed translucent door.
  9685 | Bailey   | Found a large runed translucent door.
  9686 | Bailey   | Noticed a deep elf pyromancer
  9686 | Bailey   | Noticed an orc knight
  9703 | Bailey   | Killed an orc knight
  9704 | Bailey   | Reached skill level 5 in Dodging
  9704 | Bailey   | Reached skill level 10 in Hexes
  9736 | Bailey   | Reached XP level 10. HP: 47/47 MP: 15/24
 10096 | Bailey   | Killed a deep elf pyromancer
 10097 | Bailey   | Reached skill level 12 in Stealth
 10097 | Bailey   | Reached skill level 10 in Spellcasting
 10189 | D:8      | Noticed Pikel
 10210 | D:8      | Killed Pikel
 11534 | D:9      | Reached skill level 5 in Short Blades
 11644 | D:9      | Identified the +0 pair of boots of Greed {rF- rC+ Will+
                  | rCorr}
 11653 | D:9      | Got the Papyrus of Quantum Darkness
 11749 | D:9      | Noticed Maurice
 11756 | D:9      | Killed Maurice
 11936 | D:9      | Found a staircase to the Orcish Mines.
 11959 | D:9      | Reached *** piety under Dithmenos
 12158 | D:10     | Entered Level 10 of the Dungeon
 12158 | D:10     | Found Vaoheuho's Magic Scroll Shop.
 12161 | D:10     | Bought a scroll of teleportation for 45 gold pieces
 12161 | D:10     | Bought a scroll of identify for 30 gold pieces
 12161 | D:10     | Bought a scroll of identify for 30 gold pieces
 12161 | D:10     | Bought 3 scrolls of identify for 90 gold pieces
 12161 | D:10     | Bought a scroll of teleportation for 45 gold pieces
 12161 | D:10     | Bought a scroll of enchant armour for 112 gold pieces
 12374 | D:10     | Noticed a two-headed ogre
 12381 | D:10     | Killed a two-headed ogre
 12382 | D:10     | Reached skill level 13 in Stealth
 12382 | D:10     | Reached XP level 11. HP: 53/53 MP: 26/26
 12600 | D:10     | Noticed a two-headed ogre
 12602 | D:10     | Killed a two-headed ogre
 12882 | D:11     | Noticed Fannar
 13148 | D:11     | Killed Fannar
 13256 | D:11     | Learned a level 4 spell: Cause Fear
 13441 | D:11     | Found a staircase to the Lair.
 13590 | D:11     | Noticed a deep elf pyromancer
 13604 | D:11     | Killed a deep elf pyromancer
 13702 | D:11     | Noticed a four-headed hydra
 13704 | D:11     | Killed a four-headed hydra
 14146 | D:12     | Gained mutation: Your flesh is heat resistant. (rF+)
                  | [potion of mutation]
 14146 | D:12     | Gained mutation: You have hidden genetic potential. [potion
                  | of mutation]
 14238 | D:12     | Reached skill level 14 in Stealth
 14258 | D:12     | Reached skill level 5 in Fighting
 14265 | D:12     | Noticed a seven-headed hydra
 14272 | D:12     | Killed a seven-headed hydra
 14272 | D:12     | Reached **** piety under Dithmenos
 14420 | D:12     | Reached XP level 12. HP: 20/60 MP: 19/28
 15101 | D:12     | Noticed a two-headed ogre
 15114 | D:12     | Killed a two-headed ogre
 15691 | D:12     | Noticed a storm dragon
 15702 | D:12     | Noticed a frost giant
 15719 | D:12     | Killed a storm dragon
 16075 | D:12     | Killed a frost giant
 16533 | D:13     | Noticed a centaur warrior
 16540 | D:13     | Killed a centaur warrior
 16544 | D:13     | Gained mutation: You have a pair of small horns on your
                  | head. [hidden potential]
 16570 | D:13     | Noticed a six-headed hydra
 16577 | D:13     | Killed a six-headed hydra
 16578 | D:13     | Reached skill level 15 in Stealth
 17429 | D:13     | Noticed a boulder beetle
 17436 | D:13     | Killed a boulder beetle
 17437 | D:13     | Reached skill level 10 in Dodging
 17656 | D:14     | Noticed a centaur warrior
 17659 | D:14     | Killed a centaur warrior
 17953 | D:14     | Noticed a catoblepas
 17970 | D:14     | Killed a catoblepas
 18056 | D:14     | Noticed a tengu warrior
 18066 | D:14     | Killed a tengu warrior
 18220 | D:14     | Noticed a seven-headed hydra
 18231 | D:14     | Reached XP level 13. HP: 65/65 MP: 27/30
 18489 | D:14     | You fall into a shaft and drop 1 floor!
 18489 | D:15     | Entered Level 15 of the Dungeon
 18611 | D:14     | Reached skill level 16 in Stealth
 18659 | D:14     | Gained mutation: You passively map a small area around you.
                  | [hidden potential]
 18659 | D:14     | Lost mutation: You have hidden genetic potential. [hidden
                  | potential expressed]
 18787 | D:14     | Found a gate to the Vaults.
 19305 | Lair:1   | Entered Level 1 of the Lair of Beasts
 19404 | Lair:1   | Reached ***** piety under Dithmenos
 19546 | Lair:1   | Identified the +0 scale mail of Tarodifui {Regen+ Dex+5}
 19573 | Lair:1   | Found a frozen archway.
 19583 | IceCv    | Entered an ice cave
 20499 | IceCv    | Noticed a white draconian
 20506 | IceCv    | Killed from afar by a rime drake

Illustrated notes

Levels and vault maps discovered:
D:1:      lemuel_arrival_behind_the_door_large, layout_loops_ring,
          serial_forest, infiniplex_forest_clump_double,
          infiniplex_forest_end_1, infiniplex_forest_straight_1,
          infiniplex_forest_side_room, infiniplex_forest_straight_3,
          infiniplex_forest_straight_3, infiniplex_forest_lined_1,
          infiniplex_forest_lined_ring, st_stairs_7, dk_noncrumbling_3
D:2:      layout_loops_cross, chequers_ecumenical_altar_island
D:3:      layout_basic, nicolae_yredelemnul_ghost_church
D:4:      layout_basic, temple_statues, serial_shops, shop_fountains,
          amcnicky_mini_corridor_feature, uniq_sigmund
D:5:      layout_loops_ring
D:6:      layout_basic
D:7:      layout_layer_cave
D:8:      layout_layer_cave, enter_bailey_2, uniq_pikel, uniq_joseph
D:9:      layout_rooms, minmay_orc_entry_temple_small, serial_undead,
          serial_undead_e, serial_undead_f, serial_undead_c, serial_undead_b,
          serial_undead_c, minmay_misc_feat_cross, uniq_maurice
D:10:     layout_roguey, nicolae_stop_n_shop_2,
          hangedman_abyss_or_decor_stagger, hex_large
D:11:     layout_basic, david_lair_shrubbed, uniq_fannar
D:12:     minmay_diamond_stairs, layout_stronghold
D:13:     layout_basic
D:14:     layout_cave_pools, david_vaults_1, nrook_pool_corridor,
          minmay_orc_keep
D:15:     hangedman_depths_entry_civil_slaughter, layout_cave_pools,
          vehumet_crystals, chequers_hall_statues_corner_a, minivault_16
Temple:   compressed_dpeg_circular_temple
Lair:1:   layout_misc_corridors, portal_ice_cave_entry_pillars_1
IceCv:    ice_cave_small_dragons

Skill      XL: |  1  2  3  4  5  6  7  8  9 10 11 12 13 |
---------------+----------------------------------------+-----
Spellcasting   | 3 4 5 6 7 8 9 10 11 12 13 | 13.3
Hexes          | 4 5 6 7 9 10 11 12 13 | 13.4
Stealth        | 5 6 8 10 11 13 14 15 16 | 16.3
Dodging        | 5 7 8 10 11 | 11.3
Short Blades   | 3 5 7 8 9 |  9.3
Fighting       | 2 4 5 6 7 |  7.0

Action                   |  1- 3 |  4- 6 |  7- 9 | 10-12 | 13-15 || total
-------------------------+-------+-------+-------+-------+-------++-------
Melee: Dagger            |   124 |   137 |   241 |   415 |    82 ||   999
       Punch             |     2 |     6 |     3 |       |       ||    11
       Headbutt          |       |       |       |    21 |    29 ||    50
 Cast: Ensorcelled Hiber |     6 |     5 |    24 |    46 |     8 ||    89
       Tukima's Dance    |       |     4 |     6 |    26 |     2 ||    38
       Confusing Touch   |       |     2 |     9 |    30 |     8 ||    49
Invok: Shadow Step       |       |       |       |       |     1 ||     1
Evoke: Condenser vane    |       |       |       |     1 |     1 ||     2
       Phial of floods   |       |       |       |     1 |     1 ||     2
       Wand              |       |       |       |     1 |       ||     1
  Use: Scroll            |     4 |     5 |     5 |     9 |     5 ||    28
       Potion            |     1 |     4 |       |     8 |     2 ||    15
 Stab: Sleeping          |     9 |     9 |    36 |    43 |    14 ||   111
       Invisible         |     1 |       |       |     2 |       ||     3
       Confused          |       |     2 |     9 |    25 |     1 ||    37
       Distracted        |       |       |     1 |       |     1 ||     2
       Petrified         |       |       |       |     1 |       ||     1
Armor: Robe              |     9 |     8 |    21 |    44 |     2 ||    84
       Skin              |       |     2 |       |       |       ||     2
Dodge: Dodged            |    96 |    98 |   133 |   320 |    37 ||   684

Table legend: (Time is in decaauts)
 A = Elapsed time spent in this place.
 B = Non-inter-level travel time spent in this place.
 C = Inter-level travel time spent in this place.
 D = Time resting spent in this place.
 E = Time spent auto-exploring this place.
 F = Levels seen in this place.
 G = Mean time per level.
                   A        B        C        D        E       F      G
               +--------+--------+--------+--------+--------+-----+--------+
         Total |  15959 |  15633 |    326 |   3756 |   9126 |  19 |  839.9 |
       Dungeon |  14496 |  14178 |    318 |   2832 |   8863 |  15 |  966.4 |
        Temple |     17 |     10 |      7 |      0 |      3 |   1 |   17.0 |
          Lair |    183 |    183 |      0 |     32 |    105 |   1 |  183.0 |
        Bailey |    396 |    396 |      0 |    118 |    135 |   1 |  396.0 |
      Ice Cave |    866 |    866 |      0 |    774 |     19 |   1 |  866.0 |
               +--------+--------+--------+--------+--------+-----+--------+

Top non-repeatable levels by time:
    D:12: 1525 daAuts
     D:3: 1420 daAuts
     D:2: 1330 daAuts
    D:11: 1323 daAuts
    D:14: 1268 daAuts
     D:7: 1102 daAuts
     D:5: 987 daAuts
     D:8: 962 daAuts
     D:6: 932 daAuts
    D:13: 877 daAuts
     D:4: 866 daAuts
   IceCv: 866 daAuts
     D:1: 697 daAuts
     D:9: 687 daAuts
    D:10: 491 daAuts
